 Dungeon Crawl Stone Soup version 0.28.0-43-g3370ac3207 (webtiles) character file.

Game seed: 1553660024413347581

4644 choreboyy the Grappler (level 10, -13/102 HPs)
             Began as a Troll Monk on Mar 14, 2022.
             Was an Elder of Elyvilon.
             Mangled by a boulder beetle (57 damage)
             ... on level 8 of the Dungeon.
             The game lasted 00:22:52 (6430 turns).

choreboyy the Grappler (Troll Monk)                 Turns: 6430, Time: 00:22:52

Health: -13/102    AC:  6    Str: 25    XL:     10   Next: 20%
Magic:  9/9        EV: 12    Int:  6    God:    Elyvilon [****..]
Gold:   233        SH:  0    Dex: 12    Spells: 9/9 levels left

rFire   . . .      SeeInvis +     - Unarmed
rCold   . . .      Faith    .   (no shield)
rNeg    . . .      Spirit   .   B - +2 robe {rPois}
rPois   +          Reflect  .   (helmet restricted)
rElec   .          Harm     .   (no cloak)
rCorr   .          Rampage  .   (gloves unavailable)
Will    .....                   (boots unavailable)
Stlth   ++........              (no amulet)
HPRegen 1.07/turn               (no ring)
MPRegen 0.11/turn               (no ring)

@: unable to read
A: large, unfitting armour, claws 3, regeneration 1, shaggy fur 1, tough skin 1,
antennae 1, see invisible, wild magic 1, inability to read while threatened
a: Renounce Religion, Purification, Heal Other, Heal Self


You were on level 8 of the Dungeon.
You worshipped Elyvilon.
Elyvilon was greatly pleased with you.
You visited 1 branch of the dungeon, and saw 8 of its levels.

You collected 571 gold pieces.
You spent 338 gold pieces at shops.

Inventory:

Missiles
 v - a throwing net (quivered)
Armour
 a - a +0 robe
 f - an orb of mayhem
 q - a +0 helmet
 B - a +2 robe of poison resistance (worn)
Jewellery
 k - an amulet of the acrobat
 E - a ring of positive energy
Wands
 p - a wand of mindburst (23)
 u - a wand of flame (62)
 w - a wand of polymorph (15)
 D - a wand of paralysis (4)
Scrolls
 b - a scroll of silence {unknown}
 c - a scroll of immolation {unknown}
 d - a scroll of enchant weapon {unknown}
 e - 7 scrolls of identify
 g - 3 scrolls of teleportation {unknown}
 i - 2 scrolls of amnesia {unknown}
 m - a scroll of torment {unknown}
 n - a scroll of summoning {unknown}
 r - 3 scrolls of blinking {unknown}
 y - a scroll of fear {unknown}
 z - a scroll of vulnerability {unknown}
 C - a scroll of enchant armour
Potions
 h - 2 potions of brilliance
 j - a potion of curing
 l - 4 potions of lignification
 o - 3 potions of degeneration
 s - a potion of might
 t - a potion of flight {unknown}
 x - 2 potions of mutation
 A - a potion of magic {unknown}


   Skills:
 * Level 7.1 Fighting
 + Level 6.7 Dodging
 - Level 4.2 Stealth
 + Level 8.6 Unarmed Combat


You had 9 spell levels left.
You didn't know any spells.
Your spell library contained the following spells:

 Spells                   Type           Power      Damage    Failure   Level
 Foxfire                  Conj/Fire      0%         2x1d4     54%         1
 Freeze                   Ice            0%         1d3       54%         1
 Pain                     Necr           0%         1d4       54%         1
 Shock                    Conj/Air       0%         1d3       54%         1
 Static Discharge         Conj/Air       0%         N/A       67%         2
 Conjure Flame            Conj/Fire      0%         6-21      88%         3
 Frozen Ramparts          Ice            0%         1d2       88%         3
 Inner Flame              Hex/Fire       0%         N/A       88%         3
 Swiftness                Air            0%         N/A       88%         3
 Tukima's Dance           Hex            0%         N/A       88%         3
 Airstrike                Air            0%         N/A       99%         4
 Anguish                  Hex/Necr       0%         N/A       99%         4
 Dispel Undead            Necr           0%         3d6       99%         4
 Flame Wave               Conj/Fire      0%         2d4       99%         4
 Hailstorm                Conj/Ice       0%         3d3       99%         4
 Sticky Flame             Conj/Fire      0%         2d3       99%         4
 Agony                    Necr           0%         N/A       100%        5
 Excruciating Wounds      Necr           0%         N/A       100%        5
 Enfeeble                 Hex            0%         N/A       100%        7


Dungeon Overview and Level Annotations

Branches:
Dungeon (8/15)             Temple (0/1) D:4
   Lair: D:8-11

Altars:
Cheibriados
Elyvilon
Fedhas
Hepliaklqana
Makhleb
Okawaru
Sif Muna
Uskayaw
Xom
Yredelemnul
Zin

Shops:
D:2 [   D:4 !   D:5 **   D:7 *


Innate Abilities, Weirdness & Mutations

You are too large for most types of armour.
You have claws for hands.
Your natural rate of healing is unusually fast.
You are covered in fur. (AC +1)
You have tough skin. (AC +1)
You have a pair of small antennae on your head.
You have supernaturally acute eyesight. (SInv)
Your spells are a little harder to cast, but a little more powerful.
You sometimes lose the ability to read scrolls when taking damage.


Message History

There is a stone staircase leading down here.
An orc warrior and an orc wizard come into view.
The orc wizard moves out of view.
Found a ring mail.
The orc wizard shouts!
There is an open door here.
You see here a sky beast corpse.
An orc and a boulder beetle come into view.
The orc warrior hits you with a +0 glaive!
The orc shouts!
You claw the orc warrior!
The orc warrior is moderately wounded.
The orc warrior closely misses you.
The boulder beetle curls into a ball and begins rolling!
The orc warrior hits you from afar with a +0 glaive!
There is an open door here.
You see here a sky beast corpse.
You scratch the orc wizard but do no damage.
The orc drinks a potion.
The orc seems to speed up.
The orc wizard hits you but does no damage.
The orc warrior barely misses you.
You mangle the orc wizard!!
You kill the orc wizard!
The orc warrior misses you. The orc warrior closely misses you.
The boulder beetle hits you!!!
Ouch! That really hurt!
The boulder beetle stops rolling and uncurls.
The boulder beetle curls into a ball and begins rolling!
The boulder beetle misses you.
The boulder beetle stops rolling and uncurls.
The boulder beetle curls into a ball and begins rolling!
Aiming: Mindburst
Press: ? - help, Q - select action, (/) - cycle Shift-Dir - straight line, f - orc
Aim: an orc, wielding a +0 mace and wearing a +0 plate armour (fast, chance to affect: 79%)
The boulder beetle resists with some effort.
The boulder beetle hits you!!!
You feel threatened and lose the ability to read scrolls!
Ouch! That really hurt!
You die...

#.......# #.###.#.##
#.#..# #.#..##
#.#...# #.##..# #.
#..# #. ##.## #@.#
##### #B.# ..°..##
#o○## .......##
##°.######
......○.####o.##..)##
.o....°.##....##))).#
#.o○###..##.#..#
#!°.#°....###..#
#..oo.#..>.)...#


You could see a boulder beetle (rolling), an orc warrior and an orc (fast).

Vanquished Creatures
  Pikel (D:5)
  2 wyverns
  A steam dragon (D:8)
  2 water moccasins (D:5)
  A hornet zombie (D:6)
  4 orc warriors
  A sky beast (D:8)
  An ice beast (D:5)
  A centaur (D:8)
  A lemure (D:5)
  A phantom (D:5)
  A kobold brigand (D:6)
  3 bullfrogs
  A wyvern zombie (D:6)
  2 gnoll sergeants (D:8)
  2 scorpions
  A wyvern skeleton (D:6)
  4 wights (D:8)
  A howler monkey (D:7)
  3 electric eels
  7 centaur zombies
  5 bullfrog zombies
  2 jellies
  A gnoll shaman (D:8)
  3 hounds
  5 orc priests
  4 bullfrog skeletons
  An iron imp (D:5)
  3 centaur skeletons (D:6)
  Jessica (D:2)
  2 iguanas
  16 orc wizards
  Ijyb (D:4)
  2 killer bee zombies (D:6)
  2 howler monkey zombies (D:6)
  18 gnolls
  3 adders
  A shadow imp (D:8)
  2 ufetubi
  2 dart slugs
  33 orcs
  5 ball pythons
  7 endoplasms
  A giant cockroach (D:4)
  3 goblins
  3 hobgoblins
  6 jackals
  A quokka (D:4)
  2 bats (D:2)
  A frilled lizard (D:3)
  9 kobolds
  2 rats
188 creatures vanquished.

Vanquished Creatures (others)
  3 plants (D:5)
3 creatures vanquished.

Grand Total: 191 creatures vanquished

Notes
Turn   | Place    | Note
-------+----------+-------------------------------------------
     0 | D:1      | choreboyy the Troll Monk began the quest for the Orb.
     0 | D:1      | Reached XP level 1. HP: 22/22 MP: 0/0
   329 | D:1      | Reached XP level 2. HP: 29/29 MP: 1/1
   841 | D:2      | Found Zuojes's Armour Shoppe.
   865 | D:2      | Noticed a scorpion
   877 | D:2      | Killed a scorpion
   878 | D:2      | Reached XP level 3. HP: 11/36 MP: 2/2
   878 | D:2      | Reached XP level 4. HP: 14/44 MP: 3/3
  1166 | D:2      | Reached skill level 4 in Unarmed Combat
  1171 | D:2      | Noticed Jessica
  1175 | D:2      | Killed Jessica
  1229 | D:2      | Found a faded altar of an unknown god.
  1267 | D:2      | Prayed at the altar of an unknown god.
  1267 | D:2      | Became a worshipper of Elyvilon the Healer
  1267 | D:2      | Reached * piety under Elyvilon
  1267 | D:2      | Reached ** piety under Elyvilon
  1433 | D:3      | Reached XP level 5. HP: 43/53 MP: 4/4
  1529 | D:3      | Reached *** piety under Elyvilon
  1862 | D:3      | Reached skill level 5 in Unarmed Combat
  1920 | D:3      | Reached XP level 6. HP: 34/59 MP: 5/5
  2282 | D:4      | Found a staircase to the Ecumenical Temple.
  2365 | D:4      | Noticed Ijyb
  2381 | D:4      | Killed Ijyb
  2512 | D:4      | Reached **** piety under Elyvilon
  2520 | D:4      | Found Lokosh's Distillery.
  2528 | D:4      | Bought a potion of heal wounds for 55 gold pieces
  2528 | D:4      | Bought a potion of heal wounds for 55 gold pieces
  2641 | D:5      | Entered Level 5 of the Dungeon
  2641 | D:5      | Found a transporter.
  2658 | D:5      | Found a transporter.
  2745 | D:5      | Found Hiohowke's General Store.
  2795 | D:5      | Reached XP level 7. HP: 47/68 MP: 6/6
  2940 | D:5      | Bought a scroll of enchant armour for 112 gold pieces
  2963 | D:5      | Found a hazy altar of Hepliaklqana.
  3386 | D:5      | Reached skill level 6 in Unarmed Combat
  3577 | D:5      | Reached XP level 8. HP: 46/79 MP: 7/7
  3626 | D:5      | Found a snail-covered altar of Cheibriados.
  3783 | D:5      | Noticed Pikel
  3799 | D:5      | Killed Pikel
  3800 | D:5      | Reached skill level 5 in Fighting
  3800 | D:5      | Reached skill level 5 in Dodging
  3863 | D:5      | Found Joymnann's Serpentskin Sales.
  3881 | D:5      | Reached skill level 7 in Unarmed Combat
  3938 | D:5      | Bought a +1 robe of poison resistance for 116 gold pieces
  4089 | D:6      | Reached XP level 9. HP: 68/88 MP: 8/8
  4843 | D:7      | Found a blossoming altar of Fedhas.
  4974 | D:7      | Reached ***** piety under Elyvilon
  5212 | D:7      | Found Zin's Purification Station.
  5217 | D:7      | Reached skill level 8 in Unarmed Combat
  5219 | D:7      | Found a glowing silver altar of Zin.
  5315 | D:7      | Found a burning altar of Makhleb.
  5320 | D:7      | Found an iron altar of Okawaru.
  5323 | D:7      | Found a basalt altar of Yredelemnul.
  5402 | D:7      | Identified the +1 helmet "Ovim" {Contam Slay+5}
  5794 | D:8      | Found a shimmering altar of Xom.
  5932 | D:8      | Found a hide-covered altar of Uskayaw.
  6035 | D:8      | Found a shimmering blue altar of Sif Muna.
  6121 | D:8      | Reached XP level 10. HP: 84/100 MP: 9/9
  6303 | D:8      | HP: 5/153 [gnoll sergeant/+5 spear of venom (9)]
  6305 | D:8      | HP: 2/153 [gnoll sergeant/+5 spear of venom (7)]
  6306 | D:8      | Elyvilon protects you from harm!
  6308 | D:8      | Gained mutation: You sometimes lose the ability to read
                  | scrolls when taking damage. [potion of mutation]
  6308 | D:8      | Gained mutation: You have supernaturally acute eyesight.
                  | (SInv) [potion of mutation]
  6308 | D:8      | Gained mutation: Your spells are a little harder to cast,
                  | but a little more powerful. [potion of mutation]
  6308 | D:8      | Gained mutation: You have a pair of small antennae on your
                  | head. [potion of mutation]
  6308 | D:8      | Elyvilon protects you from harm!
  6414 | D:8      | Noticed a boulder beetle
  6430 | D:8      | Mangled by a boulder beetle

Illustrated notes

Levels and vault maps discovered:
D:1:      onia_arrival_mini_spirals, layout_loops_ring
D:2:      layout_basic, hellmonk_ecumenical_altar_inner_sanctum, serial_shops,
          shop_statue, uniq_jessica
D:3:      layout_loops_ring
D:4:      layout_loops_cross, minmay_temple_entry_antechambers, serial_shops,
          nicolae_shop_crystal, minmay_distorted, uniq_ijyb
D:5:      gammafunk_steamed_eel, layout_cave_pods, slow_altar_2,
          mainiacjoe_overflow_catwalk, serial_shops, shop_coins, hex_medium,
          guppyfry_shop_venom, uniq_pikel
D:6:      layout_rooms, serial_undead, serial_undead_d, serial_undead_e,
          serial_undead_b, serial_undead_f, serial_undead_e, serial_undead_f,
          serial_undead_f, st_stairs_11, minmay_a_box_with_orc_wizards_in_it
D:7:      layout_basic, zin_purify, lemuel_doored_altar,
          minmay_overflow_temple_star_quad, hangedman_abyss_or_decor_lesser_grid
D:8:      layout_basic, nicolae_uskayaw_dance_hall,
          mainiacjoe_overflow_24_doors, mainiacjoe_overflow_small_starburst,
          grunt_potential

Skill      XL: |  1  2  3  4  5  6  7  8  9 10 |
---------------+-------------------------------+-----
Unarmed Combat | 4 5 6 7 8 |  8.6
Fighting       | 3 4 5 6 7 |  7.1
Dodging        | 3 4 5 6 |  6.7
Stealth        | 2 3 4 |  4.2

Action                   |  1- 3 |  4- 6 |  7- 9 | 10-12 || total
-------------------------+-------+-------+-------+-------++-------
Melee: Unarmed           |    41 |   123 |   360 |    65 ||   589
       Punch             |       |     3 |    16 |     2 ||    21
Invok: Heal Self         |       |       |     3 |     6 ||     9
Evoke: Wand              |       |     4 |     4 |    11 ||    19
  Use: Potion            |       |       |     3 |     6 ||     9
       Scroll            |       |       |     2 |       ||     2
 Stab: Sleeping          |     2 |     1 |     4 |       ||     7
Armor: Robe              |     5 |    25 |    97 |    26 ||   153
       Skin              |       |       |       |    38 ||    38
Dodge: Dodged            |    16 |    42 |   183 |    51 ||   292
